 Dungeon Crawl Stone Soup version 0.18.1-48-g4cf74bf (webtiles) character file.

702 nikopol the Chopper (level 7, -5/94 HPs)
             Began as a Minotaur Berserker on Aug 22, 2016.
             Was a Priest of Trog.
             Slain by an ogre
             ... wielding a +0 giant club
              (18 damage)
             ... on level 5 of the Dungeon.
             The game lasted 00:08:05 (3061 turns).

nikopol the Chopper (Minotaur Berserker)            Turns: 3061, Time: 00:08:06

Health: -5/94      AC:  3    Str: 26    XL:     7   Next: 38%
Magic:  6/6        EV: 14    Int:  4    God:    Trog [***...]
Gold:   213        SH:  0    Dex: 12    Spells: 0 memorised, 6 levels left

rFire  . . .     SeeInvis .     a - +0 war axe
rCold  . . .     Gourm    .     x - +0 leather armour
rNeg   . . .     Faith    .     (no shield)
rPois  .         Spirit   .     (helmet restricted)
rElec  .         Dismiss  .     (no cloak)
rCorr  .         Reflect  .     (no gloves)
SustAt .         Harm     .     (no boots)
MR     +++..                    (no amulet)
Stlth  ..........               (no ring)
                                h - ring of protection from magic

@: berserking, regenerating, very quick, extremely resistant to hostile
enchantments, extremely unstealthy
A: retaliatory headbutt, horns 2
a: Berserk, Trog's Hand, Burn Spellbooks, Renounce Religion


You were on level 5 of the Dungeon.
You worshipped Trog.
Trog was most pleased with you.
You were not hungry.

You visited 1 branch of the dungeon, and saw 5 of its levels.

You collected 213 gold pieces.

Inventory:

Hand Weapons
 a - a +0 war axe (weapon)
 y - a +0 hand axe
Missiles
 e - 42 arrows (quivered)
Armour
 b - a +0 animal skin
 x - a +0 leather armour (worn)
Jewellery
 h - a ring of protection from magic (left hand)
Scrolls
 d - 3 scrolls of identify
 g - a scroll of teleportation
 j - 2 scrolls of magic mapping
 s - a scroll of enchant weapon {unknown}
 t - 2 scrolls of remove curse {unknown}
 u - 2 scrolls of immolation {unknown}
 v - a scroll of random uselessness {unknown}
 w - a scroll of noise {unknown}
 z - a scroll of recharging {unknown}
 A - a scroll of enchant armour {unknown}
 D - a scroll of blinking {unknown}
Potions
 i - 4 potions of flight
 k - 2 potions of resistance {unknown}
 l - a potion of haste {unknown}
 n - a potion of beneficial mutation {unknown}
 p - a potion of lignification {unknown}
 q - 2 potions of degeneration {unknown}
 C - 2 potions of brilliance {unknown}
Comestibles
 c - 5 bread rations
 f - a royal jelly
 m - 4 meat rations
 o - 2 chunks of flesh
 r - a beef jerky
 B - 5 fruits


   Skills:
 + Level 6.0 Fighting
 + Level 6.0 Axes
 + Level 5.4 Armour
 + Level 5.0 Dodging


You had 6 spell levels left.
You didn't know any spells.

Dungeon Overview and Level Annotations

Branches:
Dungeon (5/15)             Temple (0/1) D:4

Altars:
Cheibriados
Gozag
Nemelex Xobeh
Vehumet
Xom
The Shining One

Shops:
D:5 }!


Innate Abilities, Weirdness & Mutations

You reflexively headbutt those who attack you in melee.
You have a pair of horns on your head.


Message History

You feel yourself moving faster!
You feel mighty!
You feel somewhat more hungry.
You feel the effects of Trog's Hand fading.
The phantom closely misses you.
You are too injured to fight recklessly!
You slash the ogre! Your headbutt misses the ogre.
The ogre is moderately wounded.
You hit the phantom.
The phantom is almost destroyed.
The ogre completely misses you. The phantom hits you.
* * * LOW HITPOINT WARNING * * *
You slash the ogre!
The ogre is almost dead.
You hit the phantom.
You destroy the phantom!
Your Fighting skill increases to level 6!
Your Axes skill increases to level 6!
Your Dodging skill increases to level 5!
The ogre hits you with a giant club!!
You die...

######***** *******
#(.$.,,,,,*
,,,,,.########..##****,*
***,,............## *,*
*,*,****##.'##@O#***,* *,*,*
#..#†≈#....#,* *,*,*
#.##≈≈##.#.#,* *,*,*
##.#≈≈≈≈#.....* ***,*,*
#..#≈≈≈≈#,#..,# ,,,,*,*
#..##≈≈##,*...#**** *,*,#,**
#...#≈≈#,,,,...,,,*
,***...###..##++#*,*,,.#**,*
,,*.(.......#≈≈∩≈*,*,,,,**,*


You could see an ogre.

Vanquished Creatures
  The ghost of Charly the Cudgeler, an amateur TeWr (D:3)
  An ogre (D:4)
  2 phantoms
  2 hounds
  An orc wizard (D:4)
  2 orc priests
  2 worker ants
  An adder (D:3)
  2 river rats (D:5)
  3 oozes
  An adder skeleton (D:4)
  3 dart slugs
  A giant gecko (D:5)
  9 orcs
  6 bats
  5 giant cockroaches
  6 goblins
  5 hobgoblins
  4 jackals
  3 kobolds
  A quokka (D:2)
  8 giant newts
  24 rats
93 creatures vanquished.

Notes
Turn   | Place    | Note
--------------------------------------------------------------
     0 | D:1      | nikopol the Minotaur Berserker began the quest for the Orb.
     0 | D:1      | Reached XP level 1. HP: 19/19 MP: 0/0
    51 | D:1      | Reached XP level 2. HP: 16/27 MP: 1/1
   621 | D:2      | Reached XP level 3. HP: 33/33 MP: 2/2
   630 | D:2      | Found an opulent altar of Gozag.
   894 | D:2      | Reached ** piety under Trog
  1302 | D:3      | Reached *** piety under Trog
  1302 | D:3      | Reached XP level 4. HP: 41/41 MP: 3/3
  1508 | D:3      | Found a glowing golden altar of the Shining One.
  1592 | D:3      | Noticed Charly's ghost (amateur TeWr)
  1598 | D:3      | Killed Charly's ghost
  1598 | D:3      | Reached skill level 5 in Fighting
  1598 | D:3      | Reached XP level 5. HP: 48/48 MP: 4/4
  2169 | D:3      | You fall through a shaft!
  2184 | D:4      | Reached skill level 5 in Axes
  2186 | D:4      | Reached XP level 6. HP: 56/56 MP: 3/5
  2283 | D:4      | Found a staircase to the Ecumenical Temple.
  2402 | D:4      | Found a shimmering altar of Xom.
  2481 | D:4      | Found a radiant altar of Vehumet.
  2527 | D:4      | Reached XP level 7. HP: 48/62 MP: 6/6
  2557 | D:4      | Reached skill level 5 in Armour
  2733 | D:4      | Found a snail-covered altar of Cheibriados.
  2923 | D:5      | Entered Level 5 of the Dungeon
  2948 | D:5      | Found a sparkling altar of Nemelex Xobeh.
  2957 | D:5      | Found Leud's Gadget Shop.
  2969 | D:5      | Found Zuxtet's Distillery.
  3061 | D:5      | Reached skill level 5 in Dodging
  3061 | D:5      | Slain by an ogre

Skill      XL: |  1  2  3  4  5  6  7 |
---------------+----------------------+-----
Fighting       | 4 5 6 |  6.0
Armour         | 3 4 5 |  5.4
Dodging        | 3 4 5 |  5.0
Axes           | 4 5 6 |  6.0

Action                   |  1- 3 |  4- 6 |  7- 9 || total
-------------------------+-------+-------+-------++-------
Melee: Hand axe          |    95 |     5 |       ||   100
       Headbutt          |    13 |     5 |     6 ||    24
       War axe           |       |    52 |    37 ||    89
Invok: Berserk           |     1 |     2 |     1 ||     4
       Trog's Hand       |       |       |     1 ||     1
  Use: Scroll            |       |       |     3 ||     3
 Stab: Sleeping          |     1 |       |       ||     1
  Eat: Chunk             |     1 |     7 |     2 ||    10
Armor: Animal skin       |    19 |       |       ||    19
       Leather armour    |     4 |     7 |     5 ||    16
Dodge: Dodged            |    49 |    42 |    36 ||   127
